 Dungeon Crawl Stone Soup version 0.29-a0-23-ga79f92ac9c (webtiles) character file.

Game seed: 7229974486112078869

1597 HallandMoats the Skirmisher (level 8, -1/70 HPs)
             Began as a Ghoul Monk on Jan 30, 2022.
             Slain by an unseen horror (9 damage)
             ... on level 6 of the Dungeon.
             The game lasted 00:09:09 (5739 turns).

HallandMoats the Skirmisher (Ghoul Monk)            Turns: 5739, Time: 00:09:10

Health: -1/70      AC: 16    Str: 23    XL:     8   Next: 93%
Magic:  7/7        EV: 11    Int:  5    God:
Gold:   238        SH:  0    Dex: 11    Spells: 7/7 levels left

rFire   . . .      SeeInvis .     - Unarmed
rCold   + . .      Faith    .   (no shield)
rNeg    + + +      Spirit   .   g - +0 scale mail
rPois   ∞          Reflect  .   t - +0 helmet
rElec   .          Harm     .   i - +2 cloak
rCorr   .          Rampage  .   (no gloves)
Will    .....                   u - +0 pair of boots
Stlth   ..........              (no amulet)
HPRegen 0.00/turn               h - +6 ring of strength
MPRegen 0.10/turn               v - +4 ring of protection

@: inhibited regen
A: claws 1, cold resistance 1, negative energy resistance 3, inhibited
regeneration, torment resistance 2
a: no special abilities


You were on level 6 of the Dungeon.
You visited 1 branch of the dungeon, and saw 6 of its levels.
You also visited: Sewer.

You collected 238 gold pieces.

Inventory:

Missiles
 j - 2 throwing nets (quivered)
Armour
 c - a +1 buckler
 g - a +0 scale mail (worn)
 i - a +2 cloak (worn)
 t - a +0 helmet (worn)
 u - a +0 pair of boots (worn)
Jewellery
 h - a +6 ring of strength (left claw)
 v - a +4 ring of protection (right claw)
 F - a ring of ice
 G - a ring of protection from cold
Wands
 w - a wand of paralysis (4)
 x - a wand of flame (19)
Scrolls
 a - 4 scrolls of enchant armour
 k - 5 scrolls of teleportation
 l - a scroll of silence {unknown}
 m - a scroll of noise {unknown}
 n - a scroll of immolation {unknown}
 p - a scroll of magic mapping {unknown}
 r - 2 scrolls of amnesia {unknown}
 y - a scroll of fog
 C - 3 scrolls of blinking {unknown}
 E - a scroll of fear {unknown}
Potions
 b - 2 potions of degeneration {unknown}
 d - a potion of flight {unknown}
 e - 3 potions of curing {unknown}
 f - 3 potions of heal wounds
 o - 3 potions of mutation {unknown}
 q - 2 potions of might {unknown}
 s - a potion of lignification {unknown}
 z - a potion of haste {unknown}
 A - a potion of invisibility {unknown}
 B - a potion of attraction {unknown}
 D - a potion of ambrosia {unknown}


   Skills:
 + Level 6.0 Fighting
 + Level 4.0 Armour
 + Level 5.0 Dodging
 - Level 2.1 Stealth
 * Level 5.2 Shields
 + Level 5.9 Unarmed Combat


You had 7 spell levels left.
You didn't know any spells.
Your spell library contained the following spells:

 Spells                   Type           Power      Damage    Failure   Level
 Magic Dart               Conj           0%         1d3       78%         1
 Searing Ray              Conj           0%         2d4       89%         2
 Stone Arrow              Conj/Erth      0%         3d7       98%         3
 Animate Armour           Summ/Erth      0%         N/A       100%        4
 Fulminant Prism          Conj/Hex       0%         3d6       100%        4
 Lehudib's Crystal Spear  Conj/Erth      0%         10d2      100%        8


Dungeon Overview and Level Annotations

Branches:
Dungeon (6/15)              Sewer (visited)
 Temple: D:4-7

Altars:
Nemelex Xobeh

Shops:
D:4 [


Innate Abilities, Weirdness & Mutations

You thrive by killing the living.
You are immune to poison.
You have sharp fingernails.
Your flesh is cold resistant. (rC+)
You are immune to negative energy. (rN+++)
You do not regenerate when monsters are visible.
You are immune to unholy pain and torment.


Message History

You scratch something. Something hits you but does no damage.
Something hits you.
You closely miss something. Something hits you but does no damage.
Something hits you.
You closely miss something. Your claw misses something. Something hits you!
* * * LOW HITPOINT WARNING * * *
You closely miss something. Your claw misses something. Something hits you.
* * * LOW HITPOINT WARNING * * *
You barely miss something. Your claw misses something. Something hits you!
* * * LOW HITPOINT WARNING * * *
Sorry, you're not good enough to have a special ability.
You feel much better.
Something hits you but does no damage. x2
You miss something. Something hits you but does no damage. Something hits you.
* * * LOW HITPOINT WARNING * * *
Something hits you but does no damage. Something hits you but does no damage.
Something hits you but does no damage.
You claw something! Something hits you.
* * * LOW HITPOINT WARNING * * *
Something hits you.
* * * LOW HITPOINT WARNING * * *
You barely miss something. Something hits you but does no damage.
Something hits you but does no damage. Something hits you but does no damage.
Something hits you but does no damage. x2
You completely miss something. Something completely misses you.
Something hits you but does no damage. Something hits you but does no damage.
Something hits you but does no damage.
You scratch something. Something hits you but does no damage.
You scratch something.
Something hits you but does no damage. x2
You barely miss something. Something hits you but does no damage.
Something hits you but does no damage.
You scratch something. Something completely misses you.
Something hits you but does no damage.
You scratch something but do no damage. Something hits you.
* * * LOW HITPOINT WARNING * * *
Something hits you!
You die...

##...†.....#
####......)..#
#..........###
##........##
##......##
###...## ###.#
#.# #@## #..#
##.## ##...###
#......##
##.......##
#.........#
#........##
##.....(..###


There were no monsters in sight!

Vanquished Creatures
  An ice beast (D:6)
  2 black bears
  3 necrophages
  An ogre (D:6)
  3 bullfrogs
  A water moccasin zombie (D:6)
  A water moccasin skeleton (D:4)
  5 hounds
  A gnoll shaman (D:5)
  A jelly (D:5)
  A bullfrog skeleton (D:4)
  2 iguanas
  A killer bee zombie (D:5)
  A hound zombie (D:5)
  A hound skeleton (D:5)
  9 gnolls
  7 river rats (Sewer)
  8 adders
  A white imp (D:6)
  2 worms
  A dart slug (D:3)
  10 orcs
  5 endoplasms
  4 giant cockroaches
  9 goblins
  6 hobgoblins
  6 jackals
  7 quokkas
  13 ball pythons
  4 bats
  7 frilled lizards
  12 kobolds
  26 rats
162 creatures vanquished.

Notes
Turn   | Place    | Note
-------+----------+-------------------------------------------
     0 | D:1      | HallandMoats the Ghoul Monk began the quest for the Orb.
     0 | D:1      | Reached XP level 1. HP: 19/19 MP: 0/0
   262 | D:1      | Reached XP level 2. HP: 26/26 MP: 1/1
   453 | D:1      | HP: 1/26 [gnoll (5)]
   457 | D:1      | Reached skill level 1 in Armour
   457 | D:1      | Reached XP level 3. HP: 5/33 MP: 2/2
  1326 | D:2      | Reached XP level 4. HP: 28/40 MP: 3/3
  1569 | D:2      | Reached skill level 4 in Fighting
  1628 | D:2      | Found a faded altar of an unknown god.
  2190 | D:3      | Reached skill level 1 in Shields
  2190 | D:3      | Reached XP level 5. HP: 46/46 MP: 4/4
  3097 | D:4      | Noticed a necrophage
  3107 | D:4      | Killed a necrophage
  3108 | D:4      | Reached XP level 6. HP: 43/53 MP: 5/5
  3426 | D:4      | Noticed a necrophage
  3446 | D:4      | Killed a necrophage
  3447 | D:4      | Reached XP level 7. HP: 46/60 MP: 6/6
  3531 | D:4      | Found Unulap's Antique Armour Boutique.
  3672 | D:5      | Entered Level 5 of the Dungeon
  3837 | D:5      | Found a glowing drain.
  3841 | Sewer    | Entered a sewer
  4191 | Sewer    | Reached skill level 5 in Fighting
  4191 | Sewer    | Reached skill level 5 in Unarmed Combat
  4350 | D:5      | Reached XP level 8. HP: 54/68 MP: 7/7
  5121 | D:5      | Found a sparkling altar of Nemelex Xobeh.
  5414 | D:6      | Reached skill level 5 in Shields
  5657 | D:6      | Reached skill level 5 in Dodging
  5699 | D:6      | Reached skill level 6 in Fighting
  5739 | D:6      | Slain by an unseen horror

Illustrated notes

Levels and vault maps discovered:
D:1:      minmay_arrival_glassed_features, layout_rooms
D:2:      layout_loops_ring, shapermc_ecumenical_altar_totnotflames
D:3:      layout_basic, chequers_serial_rivers_room_a,
          kennysheep_generic_room_13
D:4:      wander_river, layout_rooms, serial_shops, kennysheep_mini,
          nicolae_concentric_dashed_squares_mild
D:5:      layout_loops_ring, general_overflow_altar, gup_sewer_entry_bowl,
          st_stairs_4, amcnicky_mini_rare_corridor_liquid,
          kennysheep_generic_room_7
D:6:      layout_cave_pods, chequers_serial_rivers_room_b

Skill      XL: |  1  2  3  4  5  6  7  8 |
---------------+-------------------------+-----
Armour         | 1 2 3 4 |  4.0
Dodging        | 3 4 5 |  5.0
Fighting       | 4 5 6 |  6.0
Unarmed Combat | 4 5 |  5.9
Shields        | 1 2 3 5 |  5.2
Stealth        | |  2.1

Action                   |  1- 3 |  4- 6 |  7- 9 || total
-------------------------+-------+-------+-------++-------
Melee: Unarmed           |   103 |   178 |   311 ||   592
       Punch             |     2 |     4 |    11 ||    17
  Use: Scroll            |       |     2 |     2 ||     4
       Potion            |       |       |     1 ||     1
 Stab: Sleeping          |     1 |       |       ||     1
Armor: Robe              |    12 |       |       ||    12
       Scale mail        |     9 |    68 |   257 ||   334
Dodge: Dodged            |    41 |    83 |   227 ||   351

Table legend: (Time is in decaauts)
 A = Elapsed time spent in this place.
 B = Non-inter-level travel time spent in this place.
 C = Inter-level travel time spent in this place.
 D = Time resting spent in this place.
 E = Time spent auto-exploring this place.
 F = Levels seen in this place.
 G = Mean time per level.
                   A        B        C        D        E       F      G
               +--------+--------+--------+--------+--------+-----+--------+
         Total |   5778 |   5651 |    127 |    233 |   4087 |   7 |  825.4 |
       Dungeon |   5256 |   5129 |    127 |    233 |   3879 |   6 |  876.0 |
         Sewer |    522 |    522 |      0 |      0 |    207 |   1 |  522.0 |
               +--------+--------+--------+--------+--------+-----+--------+

Top non-repeatable levels by time:
     D:2: 1136 daAuts
     D:5: 1077 daAuts
     D:1: 974 daAuts
     D:3: 825 daAuts
     D:4: 739 daAuts
   Sewer: 522 daAuts
     D:6: 503 daAuts
